cohdb
Replays
Latest Replays
All Replays
Popular Replays
Top Player Replays
Match Explorer
How It Works
Community
CoH3 Stats
Reddit
Sign in to upload your games and track your stats! →
Sign in with Steam
Match 40346338
Unlisted
Match 40346338
Overview
Messages
Build Orders
End
Royal Engineer Section
Construct Section Command Post
Selects Heavy Armor Battlegroup
Dingo Light Scout Car
Dingo Light Scout Car
Dingo Light Scout Car
Selects Rigorous Vehicle Training
Construct Platoon Command Post
Humber Armored Car
Light Vehicle Training
6-pounder Anti-tank Gun Team
Humber Armored Car
Selects Light Vehicle Withdraw and Refit
Selects UNKNOWN (202330)
Construct Company Command Post
Unlock M3 Grant Medium Tanks
Armored Vehicle Training
Selects Recon Artillery
Recon Artillery
Der Wüstenhase
Raphaelc
Tosti
CitizenKane
Mixrundiy
Valdai
Sailor
Calm
0
0
Comments
sign in to comment!
No comments posted yet!